[ AOE2 MATCH · #484144584 ]
UnrankedHuns vs Maya
[ REPLAY ANALYSIS · EXTRACTED FROM THE RECORDED GAME ]
Feudal
10:07
Castle
21:06
Imperial
39:36
| APM avg | 13.7 |
| APM peak | 35 |
| eAPM avg | 10.0 |
| Villagers / military | 87 / 48 |
Focus
⚔️ 17.3% · 🌾 82.7%
Tarkan ×39 · Knight ×4 · Monk ×2 · Spearman ×2 · Scout Cavalry ×1
Feudal
10:28
Castle
23:37
Imperial
37:32
| APM avg | 18.2 |
| APM peak | 41 |
| eAPM avg | 12.8 |
| Villagers / military | 103 / 135 |
Focus
⚔️ 31.3% · 🌾 68.7%
Eagle Scout ×56 · Archer ×36 · Skirmisher ×36 · Monk ×3 · Spearman ×2 · Trebuchet (Packed) ×2
Feudal
12:22
Castle
27:26
Imperial
—
| APM avg | 28.2 |
| APM peak | 82 |
| eAPM avg | 13.5 |
| Villagers / military | 71 / 31 |
Focus
⚔️ 22.7% · 🌾 77.3%
Skirmisher ×20 · Berserk ×11
Feudal
10:17
Castle
22:56
Imperial
35:55
| APM avg | 12.2 |
| APM peak | 47 |
| eAPM avg | 8.4 |
| Villagers / military | 94 / 57 |
Focus
⚔️ 28.4% · 🌾 71.6%
Archer ×25 · Fire Lancer ×14 · Battle Elephant ×11 · Monk ×5 · Trebuchet (Packed) ×2
Feudal
10:24
Castle
21:04
Imperial
37:29
| APM avg | 17.9 |
| APM peak | 43 |
| eAPM avg | 11.4 |
| Villagers / military | 91 / 68 |
Focus
⚔️ 24.5% · 🌾 75.5%
Hussite Wagon ×48 · Spearman ×18 · Trebuchet (Packed) ×2
Feudal
10:00
Castle
20:35
Imperial
—
| APM avg | 30.0 |
| APM peak | 62 |
| eAPM avg | 14.7 |
| Villagers / military | 111 / 65 |
Focus
⚔️ 16.4% · 🌾 83.6%
Skirmisher ×32 · Knight ×14 · Cataphract ×9 · Camel Scout ×5 · Scout Cavalry ×4 · Spearman ×1
Match map
Initial resources + every placement click. Lines = walls · curves = elevation contours. ◆ gold · ⬟ stone · ● berries · ✦ relic · ◌ wall gap
Your base· Open — unwalled flank
solipei's base· Open — unwalled flank
NuTsKi's base· Open — unwalled flank
G10V4NI's base· Open — unwalled flank
EuPhO9824's base· Open — 9t gap
iYoYoz's base· Open — unwalled flank
Smoothed initial terrain · ◌ = detected wall gap · hover for details
Inputs per minute
— Siniko - - solipei
Build order — Siniko
First 150 of 217 actions detected
| 0:11 | Create | Villager (Male) |
| 0:11 | Create | Villager (Male) |
| 0:11 | Create | Villager (Male) |
| 0:12 | Create | Villager (Male) |
| 0:12 | Create | Villager (Male) |
| 1:35 | Create | Villager (Male) |
| 1:35 | Create | Villager (Male) |
| 2:15 | Create | Villager (Male) |
| 2:31 | Create | Villager (Male) |
| 3:27 | Create | Villager (Male) |
| 3:27 | Create | Villager (Male) |
| 3:27 | Create | Villager (Male) |
| 3:28 | Create | Villager (Male) |
| 4:12 | Create | Villager (Male) |
| 4:12 | Create | Villager (Male) |
| 4:49 | Build | Lumber Camp |
| 5:11 | Create | Villager (Male) |
| 5:12 | Create | Villager (Male) |
| 5:12 | Create | Villager (Male) |
| 5:12 | Create | Villager (Male) |
| 6:32 | Build | Mill |
| 7:01 | Build | Mill |
| 7:44 | Build | Farm |
| 7:49 | Build | Farm |
| 7:57 | Research | Feudal Age |
| 8:18 | Research | Loom |
| 8:19 | Create | Villager (Male) |
| 8:19 | Create | Villager (Male) |
| 9:04 | Create | Villager (Male) |
| 9:04 | Create | Villager (Male) |
| 9:04 | Create | Villager (Male) |
| 9:18 | Build | Mill |
| 10:07 | Age | Feudal Age |
| 10:29 | Research | Double-Bit Axe |
| 10:32 | Research | Horse Collar |
| 10:54 | Create | Villager (Male) |
| 10:54 | Create | Villager (Male) |
| 10:54 | Create | Villager (Male) |
| 10:55 | Create | Villager (Male) |
| 10:55 | Create | Villager (Male) |
| 11:13 | Build | Stone Wall |
| 11:23 | Build | Stone Wall |
| 11:37 | Build | Barracks |
| 11:39 | Build | Barracks |
| 12:24 | Build | Mining Camp |
| 14:04 | Build | Mining Camp |
| 14:25 | Build | Farm |
| 14:26 | Build | Farm |
| 14:27 | Build | Farm |
| 14:27 | Build | Farm |
| 14:28 | Build | Farm |
| 14:29 | Build | Farm |
| 14:29 | Build | Farm |
| 15:05 | Build | Farm |
| 15:33 | Create | Spearman |
| 15:33 | Create | Spearman |
| 15:42 | Build | Market |
| 15:50 | Create | Villager (Male) |
| 15:50 | Create | Villager (Male) |
| 15:50 | Create | Villager (Male) |
| 15:52 | Create | Villager (Male) |
| 16:42 | Build | Blacksmith |
| 17:23 | Research | Stone Mining |
| 18:11 | Build | Stable |
| 18:27 | Research | Castle Age |
| 18:33 | Research | Town Watch |
| 18:36 | Research | Wheelbarrow |
| 18:43 | Create | Villager (Male) |
| 18:43 | Create | Villager (Male) |
| 18:43 | Create | Villager (Male) |
| 18:43 | Create | Villager (Male) |
| 19:35 | Build | Stable |
| 20:01 | Build | Stone Wall |
| 20:18 | Research | Bloodlines |
| 20:28 | Research | Scale Barding Armor |
| 20:51 | Research | Forging |
| 21:06 | Age | Castle Age |
| 21:11 | Build | Town Center |
| 21:58 | Research | Husbandry |
| 22:04 | Create | Knight |
| 22:04 | Create | Knight |
| 22:11 | Create | Scout Cavalry |
| 22:26 | Create | Villager (Male) |
| 22:27 | Create | Villager (Male) |
| 22:27 | Create | Villager (Male) |
| 22:57 | Build | Stable |
| 23:18 | Build | Stable |
| 23:30 | Create | Knight |
| 23:31 | Create | Knight |
| 23:52 | Research | Chain Barding Armor |
| 24:25 | Build | Stone Wall |
| 24:40 | Build | Town Center |
| 24:43 | Create | Villager (Male) |
| 24:43 | Create | Villager (Male) |
| 24:43 | Create | Villager (Male) |
| 24:54 | Build | Farm |
| 24:54 | Build | Farm |
| 24:54 | Build | Farm |
| 25:22 | Create | Villager (Male) |
| 25:22 | Create | Villager (Male) |
| 25:22 | Create | Villager (Male) |
| 25:23 | Create | Villager (Male) |
| 25:54 | Build | Monastery |
| 26:28 | Build | Farm |
| 26:30 | Create | Villager (Male) |
| 26:30 | Create | Villager (Male) |
| 26:30 | Create | Villager (Male) |
| 26:30 | Create | Villager (Male) |
| 26:39 | Create | Villager (Male) |
| 26:47 | Create | Villager (Male) |
| 26:58 | Build | Farm |
| 27:00 | Create | Monk |
| 27:00 | Create | Monk |
| 27:23 | Build | Farm |
| 27:39 | Build | Farm |
| 27:41 | Build | Farm |
| 28:19 | Build | Castle |
| 28:26 | Build | Mining Camp |
| 29:22 | Build | Mining Camp |
| 29:28 | Build | Stable |
| 29:30 | Build | Stable |
| 30:23 | Create | Villager (Male) |
| 30:23 | Create | Villager (Male) |
| 30:23 | Create | Villager (Male) |
| 30:23 | Create | Villager (Male) |
| 30:24 | Create | Villager (Male) |
| 30:24 | Create | Villager (Male) |
| 30:25 | Create | Villager (Male) |
| 30:27 | Create | Villager (Male) |
| 30:33 | Research | Bow Saw |
| 30:38 | Build | Lumber Camp |
| 31:00 | Build | Farm |
| 31:01 | Build | Farm |
| 31:12 | Research | Marauders |
| 31:25 | Build | Farm |
| 31:25 | Build | Farm |
| 31:25 | Build | Farm |
| 31:34 | Create | Villager (Male) |
| 31:35 | Create | Villager (Male) |
| 31:35 | Create | Villager (Male) |
| 31:35 | Create | Villager (Male) |
| 31:36 | Create | Villager (Male) |
| 31:36 | Create | Villager (Male) |
| 31:37 | Create | Villager (Male) |
| 31:38 | Create | Villager (Male) |
| 31:54 | Research | Pikeman (upgrade) |
| 31:58 | Research | Scale Mail Armor |
| 32:01 | Research | Fletching |
| 32:04 | Research | Gold Mining |
| 32:07 | Build | Farm |
Build order — solipei
First 150 of 313 actions detected
| 0:01 | Research | Loom |
| 0:01 | Create | Villager (Male) |
| 0:01 | Create | Villager (Male) |
| 0:03 | Build | House |
| 0:06 | Build | House |
| 0:23 | Create | Villager (Male) |
| 1:28 | Create | Villager (Male) |
| 2:02 | Create | Villager (Male) |
| 2:10 | Create | Villager (Male) |
| 2:52 | Create | Villager (Male) |
| 3:02 | Build | Lumber Camp |
| 3:17 | Create | Villager (Male) |
| 3:44 | Create | Villager (Male) |
| 3:50 | Build | House |
| 3:53 | Build | House |
| 4:12 | Create | Villager (Male) |
| 4:21 | Build | Mill |
| 4:40 | Create | Villager (Male) |
| 4:40 | Create | Villager (Male) |
| 5:35 | Create | Villager (Male) |
| 5:35 | Create | Villager (Male) |
| 6:05 | Create | Villager (Male) |
| 6:26 | Create | Villager (Male) |
| 6:34 | Create | Villager (Male) |
| 6:35 | Create | Villager (Male) |
| 7:21 | Create | Villager (Male) |
| 7:32 | Build | Mining Camp |
| 8:18 | Research | Feudal Age |
| 8:25 | Build | Barracks |
| 8:26 | Build | House |
| 8:31 | Create | Villager (Male) |
| 9:52 | Build | House |
| 10:28 | Age | Feudal Age |
| 10:30 | Build | Archery Range |
| 10:32 | Build | Archery Range |
| 10:35 | Create | Villager (Male) |
| 11:00 | Create | Villager (Male) |
| 11:27 | Create | Villager (Male) |
| 11:27 | Create | Villager (Male) |
| 11:30 | Create | Archer |
| 11:31 | Create | Archer |
| 11:31 | Create | Archer |
| 11:31 | Create | Archer |
| 11:35 | Build | House |
| 11:39 | Build | Blacksmith |
| 11:40 | Build | House |
| 12:18 | Create | Archer |
| 12:18 | Create | Archer |
| 12:35 | Build | House |
| 12:41 | Build | Farm |
| 12:43 | Create | Villager (Male) |
| 12:43 | Create | Villager (Male) |
| 12:51 | Research | Fletching |
| 12:54 | Create | Archer |
| 12:54 | Create | Archer |
| 13:12 | Build | Farm |
| 13:14 | Create | Villager (Male) |
| 13:18 | Create | Archer |
| 13:18 | Create | Archer |
| 13:27 | Create | Archer |
| 13:36 | Build | Farm |
| 13:37 | Create | Villager (Male) |
| 13:41 | Research | Padded Archer Armor |
| 13:47 | Build | House |
| 14:07 | Create | Archer |
| 14:12 | Build | Farm |
| 14:14 | Create | Villager (Male) |
| 14:29 | Build | Farm |
| 14:30 | Build | Farm |
| 14:32 | Build | Farm |
| 14:35 | Build | Farm |
| 14:37 | Create | Villager (Male) |
| 15:00 | Build | Farm |
| 15:02 | Create | Archer |
| 15:03 | Create | Archer |
| 15:03 | Create | Archer |
| 15:04 | Create | Archer |
| 15:06 | Build | House |
| 15:09 | Create | Villager (Male) |
| 15:45 | Build | Farm |
| 15:47 | Build | Farm |
| 15:50 | Build | House |
| 15:51 | Build | House |
| 15:52 | Create | Villager (Male) |
| 15:52 | Create | Villager (Male) |
| 16:17 | Create | Archer |
| 16:17 | Create | Archer |
| 16:18 | Create | Archer |
| 16:34 | Create | Spearman |
| 16:34 | Create | Spearman |
| 16:35 | Create | Archer |
| 16:35 | Create | Archer |
| 16:36 | Create | Archer |
| 16:45 | Build | Farm |
| 17:01 | Create | Villager (Male) |
| 17:04 | Build | Farm |
| 17:23 | Create | Archer |
| 17:23 | Create | Archer |
| 17:25 | Create | Villager (Male) |
| 17:28 | Build | Farm |
| 17:33 | Build | Market |
| 17:43 | Create | Villager (Male) |
| 18:00 | Build | Farm |
| 18:09 | Create | Villager (Male) |
| 18:23 | Create | Villager (Male) |
| 18:26 | Create | Archer |
| 18:26 | Create | Archer |
| 18:38 | Build | Farm |
| 18:46 | Build | Farm |
| 18:59 | Create | Archer |
| 19:00 | Create | Archer |
| 19:11 | Build | Farm |
| 19:11 | Create | Villager (Male) |
| 19:14 | Create | Villager (Male) |
| 19:18 | Build | Farm |
| 19:21 | Create | Archer |
| 19:21 | Create | Archer |
| 19:43 | Build | Farm |
| 20:15 | Create | Villager (Male) |
| 20:20 | Build | Farm |
| 20:24 | Create | Archer |
| 20:24 | Create | Archer |
| 20:57 | Research | Castle Age |
| 21:01 | Build | Farm |
| 21:24 | Create | Archer |
| 21:24 | Create | Archer |
| 21:24 | Create | Archer |
| 21:28 | Create | Archer |
| 21:32 | Create | Eagle Scout |
| 22:35 | Create | Eagle Scout |
| 22:36 | Create | Eagle Scout |
| 23:04 | Create | Eagle Scout |
| 23:20 | Create | Villager (Male) |
| 23:20 | Create | Villager (Male) |
| 23:21 | Create | Villager (Male) |
| 23:26 | Create | Eagle Scout |
| 23:31 | Build | House |
| 23:32 | Build | House |
| 23:37 | Age | Castle Age |
| 23:43 | Build | Town Center |
| 23:50 | Build | Town Center |
| 24:10 | Create | Villager (Male) |
| 24:13 | Research | Double-Bit Axe |
| 24:22 | Create | Eagle Scout |
| 24:38 | Create | Villager (Male) |
| 24:39 | Create | Villager (Male) |
| 24:39 | Create | Villager (Male) |
| 24:39 | Create | Villager (Male) |
| 24:43 | Create | Villager (Male) |
| 24:43 | Create | Villager (Male) |
Build order — NuTsKi
First 150 of 190 actions detected
| 0:01 | Create | Villager (Male) |
| 0:02 | Create | Villager (Male) |
| 0:03 | Build | House |
| 0:04 | Build | House |
| 0:33 | Create | Villager (Male) |
| 0:33 | Create | Villager (Male) |
| 1:23 | Build | Mill |
| 1:41 | Create | Villager (Male) |
| 2:07 | Create | Villager (Male) |
| 2:34 | Create | Villager (Male) |
| 3:02 | Create | Villager (Male) |
| 3:26 | Create | Villager (Male) |
| 3:35 | Build | House |
| 3:50 | Create | Villager (Male) |
| 4:12 | Create | Villager (Male) |
| 4:22 | Build | House |
| 4:48 | Create | Villager (Male) |
| 4:49 | Create | Villager (Male) |
| 5:02 | Build | Palisade Wall |
| 5:22 | Research | Loom |
| 5:54 | Create | Villager (Male) |
| 6:23 | Create | Villager (Male) |
| 6:32 | Build | Mining Camp |
| 6:58 | Build | House |
| 6:59 | Build | House |
| 7:06 | Create | Villager (Male) |
| 7:35 | Build | Lumber Camp |
| 7:39 | Create | Villager (Male) |
| 8:34 | Create | Villager (Male) |
| 8:47 | Build | House |
| 8:59 | Create | Villager (Male) |
| 9:18 | Create | Villager (Male) |
| 9:52 | Build | Farm |
| 10:04 | Build | House |
| 10:08 | Build | Palisade Wall |
| 10:12 | Research | Feudal Age |
| 10:56 | Build | Mining Camp |
| 11:33 | Build | Barracks |
| 11:53 | Create | Villager (Male) |
| 12:22 | Age | Feudal Age |
| 12:33 | Research | Double-Bit Axe |
| 12:55 | Build | Watch Tower |
| 12:58 | Create | Villager (Male) |
| 13:21 | Build | Lumber Camp |
| 13:50 | Build | Farm |
| 14:04 | Create | Villager (Male) |
| 14:05 | Create | Villager (Male) |
| 14:16 | Research | Gold Mining |
| 14:42 | Build | Farm |
| 14:57 | Build | Watch Tower |
| 16:07 | Build | Archery Range |
| 16:30 | Create | Villager (Male) |
| 16:30 | Create | Villager (Male) |
| 16:31 | Create | Villager (Male) |
| 16:31 | Create | Villager (Male) |
| 16:59 | Build | Farm |
| 17:00 | Build | Farm |
| 18:10 | Build | Watch Tower |
| 18:37 | Build | Blacksmith |
| 19:03 | Create | Skirmisher |
| 19:03 | Create | Skirmisher |
| 19:31 | Research | Fletching |
| 19:46 | Build | Farm |
| 20:06 | Create | Skirmisher |
| 20:06 | Create | Skirmisher |
| 20:30 | Research | Padded Archer Armor |
| 20:33 | Create | Skirmisher |
| 20:58 | Create | Skirmisher |
| 21:17 | Create | Villager (Male) |
| 21:17 | Create | Villager (Male) |
| 21:24 | Research | Horse Collar |
| 21:44 | Build | Market |
| 22:01 | Create | Skirmisher |
| 22:01 | Create | Skirmisher |
| 22:40 | Create | Villager (Male) |
| 22:40 | Create | Villager (Male) |
| 22:56 | Build | House |
| 23:18 | Create | Villager (Male) |
| 23:33 | Build | Farm |
| 23:37 | Create | Villager (Male) |
| 23:51 | Build | House |
| 24:05 | Build | Farm |
| 24:06 | Create | Villager (Male) |
| 24:27 | Build | House |
| 24:33 | Build | Farm |
| 24:46 | Research | Castle Age |
| 25:00 | Build | Archery Range |
| 25:10 | Build | Farm |
| 25:18 | Research | Stone Mining |
| 26:12 | Create | Skirmisher |
| 26:12 | Create | Skirmisher |
| 26:14 | Create | Skirmisher |
| 26:15 | Create | Skirmisher |
| 26:22 | Build | Barracks |
| 26:42 | Create | Villager (Male) |
| 27:06 | Create | Skirmisher |
| 27:06 | Create | Skirmisher |
| 27:06 | Create | Skirmisher |
| 27:06 | Create | Skirmisher |
| 27:26 | Age | Castle Age |
| 27:32 | Build | Town Center |
| 27:36 | Create | Villager (Male) |
| 27:37 | Create | Villager (Male) |
| 27:39 | Create | Villager (Male) |
| 28:15 | Research | Elite Skirmisher (upgrade) |
| 28:34 | Research | Leather Archer Armor |
| 29:04 | Research | Squires |
| 29:06 | Create | Skirmisher |
| 29:06 | Create | Skirmisher |
| 29:06 | Create | Skirmisher |
| 29:07 | Create | Skirmisher |
| 29:24 | Create | Villager (Male) |
| 29:47 | Research | Bow Saw |
| 29:51 | Create | Villager (Male) |
| 30:02 | Create | Villager (Male) |
| 30:02 | Create | Villager (Male) |
| 30:11 | Build | Farm |
| 30:22 | Build | Farm |
| 30:25 | Create | Villager (Male) |
| 30:54 | Create | Villager (Male) |
| 30:55 | Create | Villager (Male) |
| 31:21 | Build | Castle |
| 31:27 | Build | Farm |
| 31:37 | Build | House |
| 31:56 | Research | Bodkin Arrow |
| 32:14 | Create | Villager (Male) |
| 32:14 | Create | Villager (Male) |
| 32:15 | Create | Villager (Male) |
| 32:39 | Create | Berserk |
| 32:53 | Build | Farm |
| 33:12 | Research | Heavy Plow |
| 33:13 | Create | Villager (Male) |
| 33:20 | Build | Town Center |
| 33:27 | Build | Farm |
| 33:28 | Build | Farm |
| 33:29 | Create | Villager (Male) |
| 33:39 | Build | Farm |
| 33:47 | Create | Berserk |
| 33:58 | Build | Farm |
| 34:02 | Create | Villager (Male) |
| 34:05 | Create | Villager (Male) |
| 34:14 | Create | Villager (Male) |
| 34:24 | Create | Villager (Male) |
| 34:24 | Create | Villager (Male) |
| 34:32 | Create | Berserk |
| 34:32 | Create | Berserk |
| 34:52 | Research | Scale Mail Armor |
| 35:51 | Create | Berserk |
| 35:51 | Create | Berserk |
| 35:53 | Create | Berserk |
Build order — G10V4NI
First 150 of 263 actions detected
| 0:03 | Create | Villager (Male) |
| 0:03 | Create | Villager (Male) |
| 0:03 | Create | Villager (Male) |
| 0:03 | Create | Villager (Male) |
| 0:09 | Build | House |
| 0:12 | Build | House |
| 1:34 | Create | Villager (Male) |
| 2:10 | Create | Villager (Male) |
| 2:24 | Create | Villager (Male) |
| 3:04 | Create | Villager (Male) |
| 3:04 | Create | Villager (Male) |
| 3:41 | Build | House |
| 3:46 | Create | Villager (Male) |
| 4:20 | Research | Loom |
| 4:54 | Create | Villager (Male) |
| 4:54 | Create | Villager (Male) |
| 5:14 | Create | Villager (Male) |
| 6:07 | Create | Villager (Male) |
| 6:18 | Build | Mill |
| 6:58 | Create | Villager (Male) |
| 7:30 | Create | Villager (Male) |
| 7:37 | Build | Lumber Camp |
| 8:07 | Research | Feudal Age |
| 9:41 | Build | Mining Camp |
| 9:45 | Create | Villager (Male) |
| 9:46 | Create | Villager (Male) |
| 10:17 | Age | Feudal Age |
| 10:26 | Research | Wheelbarrow |
| 10:34 | Build | House |
| 10:47 | Build | House |
| 10:50 | Build | House |
| 10:53 | Build | House |
| 10:59 | Create | Villager (Male) |
| 10:59 | Create | Villager (Male) |
| 10:59 | Create | Villager (Male) |
| 11:09 | Research | Double-Bit Axe |
| 11:15 | Research | Horse Collar |
| 11:59 | Create | Villager (Male) |
| 12:00 | Create | Villager (Male) |
| 12:26 | Build | Barracks |
| 13:19 | Create | Villager (Male) |
| 13:20 | Create | Villager (Male) |
| 13:32 | Build | Archery Range |
| 13:49 | Build | Blacksmith |
| 14:13 | Create | Villager (Male) |
| 14:36 | Build | Farm |
| 14:39 | Build | Farm |
| 14:41 | Build | Farm |
| 14:43 | Build | Farm |
| 14:45 | Build | Farm |
| 14:48 | Build | Farm |
| 15:08 | Build | Farm |
| 15:20 | Build | House |
| 15:26 | Create | Archer |
| 15:26 | Create | Archer |
| 15:27 | Create | Archer |
| 15:34 | Create | Villager (Male) |
| 15:34 | Create | Villager (Male) |
| 15:34 | Create | Villager (Male) |
| 15:40 | Research | Gold Mining |
| 16:08 | Build | House |
| 16:12 | Build | House |
| 16:16 | Build | House |
| 16:25 | Research | Fletching |
| 16:41 | Create | Villager (Male) |
| 16:51 | Create | Archer |
| 16:52 | Create | Archer |
| 16:55 | Create | Archer |
| 16:56 | Create | Archer |
| 17:08 | Create | Villager (Male) |
| 17:26 | Build | Farm |
| 17:28 | Build | Farm |
| 17:30 | Build | Farm |
| 17:31 | Build | Farm |
| 17:33 | Build | Farm |
| 17:37 | Create | Villager (Male) |
| 17:37 | Create | Villager (Male) |
| 17:54 | Build | House |
| 18:03 | Build | Farm |
| 18:25 | Build | Farm |
| 18:27 | Build | Farm |
| 18:29 | Build | Farm |
| 18:34 | Create | Villager (Male) |
| 18:35 | Create | Villager (Male) |
| 18:45 | Build | Farm |
| 18:47 | Build | Farm |
| 19:22 | Build | Farm |
| 19:42 | Create | Villager (Male) |
| 19:53 | Build | Farm |
| 19:55 | Build | Farm |
| 20:16 | Research | Castle Age |
| 20:24 | Create | Archer |
| 20:24 | Create | Archer |
| 20:25 | Create | Archer |
| 20:25 | Create | Archer |
| 20:25 | Create | Archer |
| 20:56 | Research | Stone Mining |
| 21:03 | Research | Forging |
| 22:56 | Age | Castle Age |
| 23:10 | Build | Town Center |
| 23:15 | Research | Bow Saw |
| 23:18 | Create | Villager (Male) |
| 23:19 | Create | Villager (Male) |
| 23:19 | Create | Villager (Male) |
| 23:19 | Create | Villager (Male) |
| 23:19 | Create | Villager (Male) |
| 23:32 | Create | Fire Lancer |
| 23:33 | Create | Fire Lancer |
| 23:33 | Create | Fire Lancer |
| 23:34 | Create | Fire Lancer |
| 24:03 | Build | Town Center |
| 24:07 | Create | Villager (Male) |
| 24:07 | Create | Villager (Male) |
| 24:07 | Create | Villager (Male) |
| 24:08 | Create | Villager (Male) |
| 24:08 | Create | Villager (Male) |
| 24:08 | Create | Villager (Male) |
| 24:08 | Create | Villager (Male) |
| 24:09 | Create | Villager (Male) |
| 24:16 | Create | Villager (Male) |
| 24:16 | Create | Villager (Male) |
| 24:16 | Create | Villager (Male) |
| 24:21 | Research | Heavy Plow |
| 24:24 | Research | Bodkin Arrow |
| 24:27 | Research | Crossbowman (upgrade) |
| 24:30 | Research | Squires |
| 24:48 | Create | Villager (Male) |
| 24:49 | Create | Villager (Male) |
| 25:08 | Create | Villager (Male) |
| 25:08 | Create | Villager (Male) |
| 25:08 | Create | Villager (Male) |
| 25:08 | Create | Villager (Male) |
| 25:19 | Create | Fire Lancer |
| 25:19 | Create | Fire Lancer |
| 25:19 | Create | Fire Lancer |
| 25:26 | Create | Villager (Male) |
| 25:26 | Create | Villager (Male) |
| 25:52 | Build | Monastery |
| 26:07 | Create | Archer |
| 26:07 | Create | Archer |
| 26:13 | Create | Villager (Male) |
| 26:13 | Create | Villager (Male) |
| 26:14 | Create | Villager (Male) |
| 26:28 | Research | Hand Cart |
| 26:36 | Create | Monk |
| 26:45 | Build | House |
| 26:49 | Build | House |
| 27:11 | Research | Iron Casting |
| 27:16 | Research | Stone Shaft Mining |
| 27:43 | Build | House |
Build order — EuPhO9824
First 150 of 271 actions detected
| 0:01 | Create | Villager (Male) |
| 0:01 | Create | Villager (Male) |
| 0:02 | Create | Villager (Male) |
| 0:02 | Create | Villager (Male) |
| 0:03 | Build | House |
| 0:05 | Build | House |
| 1:32 | Create | Villager (Male) |
| 1:53 | Build | Lumber Camp |
| 1:59 | Create | Villager (Male) |
| 2:20 | Create | Villager (Male) |
| 3:02 | Create | Villager (Male) |
| 3:07 | Research | Loom |
| 3:29 | Build | House |
| 3:46 | Create | Villager (Male) |
| 3:46 | Create | Villager (Male) |
| 4:03 | Create | Villager (Male) |
| 4:22 | Build | Mill |
| 4:50 | Create | Villager (Male) |
| 5:31 | Create | Villager (Male) |
| 5:51 | Create | Villager (Male) |
| 5:53 | Create | Villager (Male) |
| 6:05 | Build | House |
| 6:59 | Create | Villager (Male) |
| 7:08 | Create | Villager (Male) |
| 7:08 | Create | Villager (Male) |
| 7:14 | Build | Barracks |
| 7:49 | Build | House |
| 8:12 | Research | Feudal Age |
| 8:21 | Build | Mining Camp |
| 8:27 | Build | House |
| 8:35 | Build | Farm |
| 8:52 | Build | Farm |
| 9:06 | Build | House |
| 9:32 | Build | House |
| 10:24 | Age | Feudal Age |
| 10:24 | Build | Mining Camp |
| 10:28 | Build | Farm |
| 10:33 | Create | Villager (Male) |
| 10:33 | Create | Villager (Male) |
| 10:33 | Create | Villager (Male) |
| 10:37 | Research | Double-Bit Axe |
| 11:00 | Create | Villager (Male) |
| 11:17 | Build | House |
| 11:34 | Build | Blacksmith |
| 11:49 | Build | Mill |
| 11:58 | Build | House |
| 12:18 | Create | Villager (Male) |
| 12:18 | Create | Villager (Male) |
| 12:33 | Build | House |
| 13:08 | Build | Lumber Camp |
| 13:15 | Build | Gate |
| 13:19 | Create | Villager (Male) |
| 13:19 | Create | Villager (Male) |
| 13:40 | Create | Villager (Male) |
| 13:40 | Create | Villager (Male) |
| 13:43 | Build | Farm |
| 14:01 | Build | Market |
| 14:07 | Research | Horse Collar |
| 14:13 | Build | House |
| 14:23 | Build | Farm |
| 14:29 | Create | Villager (Male) |
| 14:42 | Build | House |
| 14:59 | Create | Spearman |
| 14:59 | Create | Spearman |
| 15:12 | Create | Villager (Male) |
| 15:15 | Build | Farm |
| 15:16 | Build | Farm |
| 15:26 | Build | House |
| 15:35 | Build | Farm |
| 15:42 | Create | Villager (Male) |
| 15:50 | Build | House |
| 15:56 | Build | House |
| 16:12 | Build | Farm |
| 16:13 | Build | Farm |
| 16:16 | Create | Villager (Male) |
| 16:17 | Create | Villager (Male) |
| 16:21 | Build | Farm |
| 16:43 | Build | House |
| 17:01 | Create | Villager (Male) |
| 17:04 | Build | Farm |
| 17:10 | Build | Farm |
| 17:34 | Build | Farm |
| 17:44 | Create | Villager (Male) |
| 18:24 | Research | Castle Age |
| 18:28 | Build | Farm |
| 19:07 | Build | House |
| 19:16 | Build | Lumber Camp |
| 21:04 | Age | Castle Age |
| 21:09 | Research | Town Watch |
| 21:18 | Build | Castle |
| 21:27 | Build | Town Center |
| 21:37 | Create | Villager (Male) |
| 21:37 | Create | Villager (Male) |
| 22:05 | Create | Villager (Male) |
| 22:05 | Create | Villager (Male) |
| 22:11 | Build | Farm |
| 22:14 | Research | Bow Saw |
| 22:33 | Build | Farm |
| 22:51 | Research | Squires |
| 23:09 | Create | Hussite Wagon |
| 23:10 | Create | Hussite Wagon |
| 23:10 | Create | Hussite Wagon |
| 23:17 | Create | Villager (Male) |
| 23:17 | Create | Villager (Male) |
| 23:18 | Create | Villager (Male) |
| 23:25 | Create | Villager (Male) |
| 23:35 | Build | Town Center |
| 23:46 | Create | Villager (Male) |
| 23:46 | Create | Villager (Male) |
| 23:57 | Build | University |
| 24:14 | Create | Hussite Wagon |
| 24:14 | Create | Hussite Wagon |
| 24:30 | Create | Villager (Male) |
| 24:30 | Create | Villager (Male) |
| 24:52 | Create | Hussite Wagon |
| 24:54 | Create | Villager (Male) |
| 24:55 | Create | Villager (Male) |
| 24:55 | Create | Villager (Male) |
| 25:00 | Build | Farm |
| 25:10 | Build | Barracks |
| 25:12 | Build | Barracks |
| 25:30 | Create | Villager (Male) |
| 25:31 | Create | Villager (Male) |
| 25:32 | Research | Wheelbarrow |
| 25:42 | Research | Chemistry |
| 25:43 | Research | Ballistics |
| 25:49 | Create | Villager (Male) |
| 25:49 | Create | Villager (Male) |
| 25:53 | Research | Arson |
| 26:22 | Create | Villager (Male) |
| 26:22 | Create | Villager (Male) |
| 26:23 | Create | Villager (Male) |
| 26:23 | Create | Villager (Male) |
| 26:35 | Create | Villager (Male) |
| 26:36 | Create | Villager (Male) |
| 26:36 | Create | Villager (Male) |
| 26:36 | Create | Villager (Male) |
| 26:47 | Research | Murder Holes |
| 26:48 | Research | Treadmill Crane |
| 26:51 | Research | Pikeman (upgrade) |
| 27:25 | Build | Lumber Camp |
| 27:31 | Create | Hussite Wagon |
| 27:32 | Create | Hussite Wagon |
| 28:16 | Create | Villager (Male) |
| 28:17 | Create | Villager (Male) |
| 28:17 | Create | Villager (Male) |
| 28:18 | Create | Villager (Male) |
| 28:19 | Create | Villager (Male) |
| 28:19 | Create | Villager (Male) |
| 28:35 | Create | Spearman |
Build order — iYoYoz
First 150 of 270 actions detected
| 0:02 | Create | Villager (Male) |
| 0:02 | Create | Villager (Male) |
| 0:02 | Create | Villager (Male) |
| 0:06 | Build | House |
| 0:09 | Build | House |
| 0:28 | Create | Villager (Male) |
| 0:29 | Create | Villager (Male) |
| 1:26 | Create | Villager (Male) |
| 1:55 | Build | Lumber Camp |
| 2:12 | Create | Villager (Male) |
| 2:24 | Create | Villager (Male) |
| 2:57 | Create | Villager (Male) |
| 3:17 | Create | Villager (Male) |
| 3:37 | Build | Mill |
| 4:03 | Create | Villager (Male) |
| 4:17 | Create | Villager (Male) |
| 4:42 | Research | Loom |
| 4:48 | Build | House |
| 4:56 | Create | Villager (Male) |
| 5:01 | Create | Villager (Male) |
| 6:09 | Create | Villager (Male) |
| 6:10 | Create | Villager (Male) |
| 6:10 | Create | Villager (Male) |
| 6:23 | Create | Villager (Male) |
| 6:35 | Create | Villager (Male) |
| 6:36 | Create | Villager (Male) |
| 6:36 | Create | Villager (Male) |
| 6:55 | Create | Villager (Male) |
| 7:03 | Build | Mining Camp |
| 7:32 | Build | House |
| 7:36 | Create | Villager (Male) |
| 7:50 | Research | Feudal Age |
| 8:09 | Create | Villager (Male) |
| 8:57 | Build | Barracks |
| 9:29 | Create | Villager (Male) |
| 9:49 | Build | House |
| 10:00 | Age | Feudal Age |
| 10:02 | Create | Spearman |
| 10:07 | Build | House |
| 10:13 | Build | Farm |
| 10:19 | Build | Farm |
| 10:26 | Research | Double-Bit Axe |
| 10:59 | Create | Villager (Male) |
| 10:59 | Create | Villager (Male) |
| 11:12 | Build | Stable |
| 11:20 | Build | Farm |
| 11:23 | Create | Villager (Male) |
| 11:38 | Build | Farm |
| 11:56 | Build | Farm |
| 12:16 | Build | Farm |
| 12:17 | Create | Villager (Male) |
| 12:21 | Create | Scout Cavalry |
| 12:21 | Create | Scout Cavalry |
| 12:35 | Build | House |
| 12:38 | Build | Palisade Wall |
| 12:42 | Build | Palisade Wall |
| 12:45 | Create | Villager (Male) |
| 12:48 | Create | Villager (Male) |
| 12:57 | Create | Scout Cavalry |
| 13:03 | Build | Farm |
| 13:05 | Build | Farm |
| 13:08 | Research | Horse Collar |
| 13:30 | Create | Scout Cavalry |
| 13:33 | Create | Villager (Male) |
| 13:36 | Build | Farm |
| 13:41 | Build | Farm |
| 14:05 | Build | Blacksmith |
| 14:25 | Create | Villager (Male) |
| 14:45 | Build | House |
| 14:48 | Create | Villager (Male) |
| 14:56 | Build | Farm |
| 15:12 | Create | Villager (Male) |
| 15:20 | Build | Market |
| 15:27 | Build | Farm |
| 15:29 | Create | Villager (Male) |
| 15:37 | Build | Farm |
| 16:50 | Build | Farm |
| 16:59 | Create | Villager (Male) |
| 17:06 | Build | Farm |
| 17:09 | Build | Farm |
| 17:22 | Build | Farm |
| 17:26 | Create | Villager (Male) |
| 17:46 | Create | Villager (Male) |
| 17:55 | Research | Castle Age |
| 18:07 | Create | Villager (Male) |
| 18:17 | Build | Farm |
| 19:00 | Research | Scale Barding Armor |
| 19:26 | Build | Archery Range |
| 20:01 | Create | Villager (Male) |
| 20:01 | Create | Villager (Male) |
| 20:31 | Build | Farm |
| 20:35 | Age | Castle Age |
| 20:42 | Build | Town Center |
| 20:51 | Build | Town Center |
| 20:54 | Create | Villager (Male) |
| 21:22 | Create | Villager (Male) |
| 21:36 | Build | Farm |
| 21:41 | Build | Farm |
| 21:50 | Research | Elite Skirmisher (upgrade) |
| 22:12 | Create | Villager (Male) |
| 22:12 | Create | Villager (Male) |
| 22:25 | Build | Farm |
| 22:35 | Create | Villager (Male) |
| 22:43 | Create | Villager (Male) |
| 22:44 | Create | Villager (Male) |
| 22:51 | Build | Farm |
| 22:51 | Build | Farm |
| 22:58 | Build | Lumber Camp |
| 23:00 | Create | Villager (Male) |
| 23:04 | Create | Villager (Male) |
| 23:06 | Create | Villager (Male) |
| 23:08 | Create | Villager (Male) |
| 23:09 | Create | Villager (Male) |
| 23:30 | Research | Heavy Plow |
| 23:37 | Create | Villager (Male) |
| 23:42 | Create | Villager (Male) |
| 23:43 | Create | Villager (Male) |
| 23:57 | Research | Fletching |
| 23:57 | Research | Padded Archer Armor |
| 24:03 | Research | Husbandry |
| 24:05 | Create | Camel Scout |
| 24:05 | Create | Camel Scout |
| 24:16 | Build | House |
| 24:19 | Build | House |
| 24:20 | Build | House |
| 24:23 | Build | Farm |
| 24:23 | Build | Farm |
| 24:24 | Create | Villager (Male) |
| 24:26 | Create | Villager (Male) |
| 24:48 | Research | Wheelbarrow |
| 24:58 | Build | Farm |
| 24:59 | Create | Villager (Male) |
| 25:08 | Create | Villager (Male) |
| 25:13 | Create | Villager (Male) |
| 25:14 | Create | Villager (Male) |
| 25:28 | Build | Archery Range |
| 25:47 | Create | Villager (Male) |
| 25:54 | Research | Chain Barding Armor |
| 25:55 | Research | Bodkin Arrow |
| 25:58 | Create | Skirmisher |
| 25:59 | Create | Skirmisher |
| 26:05 | Build | House |
| 26:09 | Create | Villager (Male) |
| 26:14 | Create | Villager (Male) |
| 26:14 | Create | Villager (Male) |
| 26:15 | Create | Villager (Male) |
| 26:27 | Build | Farm |
| 26:27 | Build | Farm |
| 26:28 | Build | Farm |
| 26:28 | Build | Farm |
Match timeline
| 5:02 | NuTsKi · wall_segment Palisade Wall x11 |
| 7:14 | EuPhO9824 · first_building Barracks |
| 8:25 | solipei · first_building Barracks |
| 8:57 | iYoYoz · first_building Barracks |
| 10:00 | iYoYoz · age_up feudal |
| 10:07 | Siniko · age_up feudal |
| 10:08 | NuTsKi · wall_segment Palisade Wall x4 |
| 10:17 | G10V4NI · age_up feudal |
| 10:24 | EuPhO9824 · age_up feudal |
| 10:28 | solipei · age_up feudal |
| 10:30 | solipei · first_building Archery Range |
| 11:12 | iYoYoz · first_building Stable |
| 11:13 | Siniko · wall_segment Stone Wall x14 |
| 11:23 | Siniko · wall_segment Stone Wall x26 |
| 11:33 | NuTsKi · first_building Barracks |
| 11:37 | Siniko · first_building Barracks |
| 12:22 | NuTsKi · age_up feudal |
| 12:26 | G10V4NI · first_building Barracks |
| 12:38 | iYoYoz · wall_segment Palisade Wall x3 |
| 12:42 | iYoYoz · wall_segment Palisade Wall x7 |
| 13:32 | G10V4NI · first_building Archery Range |
| 16:07 | NuTsKi · first_building Archery Range |
| 17:20 | EuPhO9824 · first_market_buy 100 food |
| 18:11 | Siniko · first_building Stable |
| 19:26 | iYoYoz · first_building Archery Range |
| 20:01 | Siniko · wall_segment Stone Wall x6 |
| 20:35 | iYoYoz · age_up castle |
| 20:47 | Siniko · first_market_sell 100 wood |
| 21:04 | EuPhO9824 · age_up castle |
| 21:06 | Siniko · age_up castle |
| 21:18 | EuPhO9824 · first_building Castle |
| 22:56 | G10V4NI · age_up castle |
| 23:37 | solipei · age_up castle |
| 23:40 | NuTsKi · first_market_buy 100 food |
| 24:09 | EuPhO9824 · first_market_sell 100 food |
| 24:20 | NuTsKi · first_market_sell 100 stone |
| 24:25 | Siniko · wall_segment Stone Wall x7 |
| 25:52 | G10V4NI · first_building Monastery |
| 25:54 | Siniko · first_building Monastery |
| 27:26 | NuTsKi · age_up castle |
| 28:19 | Siniko · first_building Castle |
| 28:20 | iYoYoz · wall_segment Palisade Wall x1 |
| 30:04 | solipei · first_building Monastery |
| 30:55 | iYoYoz · first_building Castle |
| 31:21 | NuTsKi · first_building Castle |
| 31:37 | iYoYoz · first_building Monastery |
| 31:39 | G10V4NI · first_building Stable |
| 33:54 | G10V4NI · first_building Castle |
| 35:29 | solipei · first_market_buy 100 stone |
| 35:38 | solipei · first_building Castle |
| 35:55 | G10V4NI · age_up imperial |
| 37:25 | solipei · first_market_sell 500 food |
| 37:29 | EuPhO9824 · age_up imperial |
| 37:32 | solipei · age_up imperial |
| 38:12 | NuTsKi · first_building Siege Workshop |
| 39:36 | Siniko · age_up imperial |
| 39:53 | iYoYoz · resign |
[ AI ANALYSIS · 1 CREDIT ]
What really happened in this match?
Wolo.gg analyzes every decision: build order, eco, micro, common mistakes by bracket. Personalized analysis on WhatsApp or Discord in 30 seconds.
Civ guide
Huns
Perfil
Jugador #518573